 Dungeon Crawl Stone Soup version 0.26.0-10-g1f06aea511 (console) character file.

Game seed: 16623729857867681392

192 doot the Grave Robber (level 5, -4/28 HPs)
             Began as a Deep Elf Necromancer on Feb 4, 2021.
             Slain by an orc
             ... wielding a +2 hand axe of freezing
              (8 damage)
             ... on level 4 of the Dungeon.
             The game lasted 00:02:38 (1907 turns).

doot the Grave Robber (Deep Elf Necromancer)        Turns: 1907, Time: 00:02:39

Health: -4/28      AC:  2    Str:  5    XL:     5   Next: 42%
Magic:  10/14      EV: 13    Int: 21    God:
Gold:   55         SH:  0    Dex: 15    Spells: 5/14 levels left

rFire    . . .     SeeInvis .   g - +0 dagger
rCold    . . .     Faith    .   (no shield)
rNeg     . . .     Spirit   .   a - +0 robe
rPois    .         Reflect  .   (no helmet)
rElec    .         Harm     .   (no cloak)
rCorr    .         Rampage  .   (no gloves)
Will     .....                  (no boots)
Stlth    ++........             (no amulet)
HPRegen  0.09/turn              (no ring)
MPRegen  0.14/turn              (no ring)

@: no status effects
A: no striking features
a: no special abilities


You were on level 4 of the Dungeon.
You visited 1 branch of the dungeon, and saw 4 of its levels.

You collected 55 gold pieces.

Inventory:

Hand Weapons
 c - a +0 club
 g - a +0 dagger (weapon)
Armour
 a - a +0 robe (worn)
Scrolls
 b - a scroll of teleportation {unknown}
 f - a scroll of remove curse {unknown}
 h - a scroll of noise {unknown}
Potions
 d - a potion of attraction {unknown}
 e - a potion of cancellation {unknown}
 i - a potion of heal wounds {unknown}


   Skills:
 + Level 2.5 Dodging
 + Level 2.6 Stealth
 + Level 5.0 Spellcasting
 + Level 7.1 Necromancy


You had 5 spell levels left.
You knew the following spells:

 Your Spells              Type           Power        Failure   Level
a - Pain                  Necr           100%         1%          1
b - Animate Skeleton      Necr           70%          1%          1
c - Vampiric Draining     Necr           17%          1%          3
d - Animate Dead          Necr           17%          6%          4

Your spell library contained the following spells:

 Spells                   Type           Power        Failure   Level
 Agony                    Necr           35%          16%         5


Dungeon Overview and Level Annotations

Branches:
Dungeon (4/15)
 Temple: D:4-7

Altars:


Message History

Anything else - Cancel.
Guard this area!
An orc comes into view. It is wielding a +0 flail.
The orc hits your jackal zombie with a +2 hand axe of freezing.
An orc and an orc priest come into view.
Your jackal zombie barely misses the orc.
The orc hits your jackal zombie with a +2 hand axe of freezing. x2
The orc priest begins to cast a cantrip, but forgets the words!
You see here a +0 flail.
Your jackal zombie bites the orc but does no damage.
Your jackal zombie barely misses the orc.
The orc hits your jackal zombie with a +2 hand axe of freezing.
The orc closely misses your jackal zombie.
Your jackal zombie bites the orc but does no damage.
You swap places.
The orc priest calls down the wrath of Beogh upon you.
Beogh smites you!
* * * LOW HITPOINT WARNING * * *
The orc hits you with a +2 hand axe of freezing!
You die...

### #### #.## ##
###... ##..###.##
##.....###...#....##
#......#.#Z.......o#
........).Zo........
........)Z@.........
....#........oo.....
... ##.............#
. #......o.......#
#.....##.......##
#..######.##.....
.... #.. .##.. ....
...... #. .# ...


You could see an orc priest, 3 orcs, a friendly frilled lizard zombie and 2
friendly jackal zombies.

Vanquished Creatures
  2 orc priests
  2 orc wizards
  3 adders
  An ooze (D:3)
  A worm (D:3)
  A dart slug (D:2)
  2 leopard geckos
  3 orcs (D:3)
  A giant cockroach (D:3)
  3 goblins
  2 hobgoblins
  4 jackals (D:4)
  3 quokkas
  A ball python (D:3)
  A bat (D:3)
  2 frilled lizards
  6 kobolds
  2 rats
40 creatures vanquished.

Notes
Turn   | Place    | Note
-------+----------+-------------------------------------------
     0 | D:1      | doot the Deep Elf Necromancer began the quest for the Orb.
     0 | D:1      | Reached XP level 1. HP: 10/10 MP: 6/6
    94 | D:1      | Reached skill level 5 in Necromancy
   131 | D:1      | Learned a level 1 spell: Animate Skeleton
   180 | D:2      | Reached XP level 2. HP: 11/15 MP: 5/8
   645 | D:3      | Reached XP level 3. HP: 13/19 MP: 3/10
   785 | D:3      | Learned a level 3 spell: Vampiric Draining
  1462 | D:4      | Reached skill level 6 in Necromancy
  1462 | D:4      | Reached XP level 4. HP: 20/24 MP: 7/12
  1536 | D:3      | Learned a level 4 spell: Animate Dead
  1601 | D:3      | Reached skill level 7 in Necromancy
  1601 | D:3      | Reached XP level 5. HP: 13/28 MP: 0/13
  1853 | D:4      | Reached skill level 5 in Spellcasting
  1907 | D:4      | Slain by an orc

Illustrated notes

Levels and vault maps discovered:
D:1:      minmay_arrival_cross, layout_rooms, minmay_misc_feat_columns,
          minmay_heptomino_d4
D:2:      minmay_angry_zag, layout_loops_ring,
          nemelex_xobeh_ov_fountains_minmay, nicolae_tso_carved_into_rock,
          st_stairs_5, uniq_robin
D:3:      minmay_diamond_boxcup, layout_basic, lemuel_doored_altar,
          nicolae_overflow_hidden_temple, minmay_fountain_box
D:4:      layout_cave_pools, kennysheep_vampire_church, serial_shops,
          nicolae_shop_trees

Skill      XL: |  1  2  3  4  5 |
---------------+----------------+-----
Necromancy     | 5 6 7 |  7.1
Spellcasting   | 4 5 |  5.0
Dodging        | |  2.5
Stealth        | |  2.6

Action                   |  1- 3 |  4- 6 || total
-------------------------+-------+-------++-------
Melee: Dagger            |     3 |     3 ||     6
 Cast: Pain              |    59 |    24 ||    83
       Animate Skeleton  |     1 |       ||     1
       Vampiric Draining |       |     2 ||     2
       Animate Dead      |       |     2 ||     2
 Stab: Sleeping          |     1 |       ||     1
Armor: Robe              |     3 |     5 ||     8
Dodge: Dodged            |    11 |    11 ||    22
